 Dungeon Crawl Stone Soup version 0.31-a0-728-g01b46875f1 (webtiles) character file.

Game seed: 8724225665469323632

1241 Newt the Cudgeller (level 8, -6/53 HPs)
             Began as a Gargoyle Fighter on Sept 11, 2023.
             Mangled by a gnoll sergeant
             ... wielding a +3 spear of venom
              (13 damage)
             ... on level 5 of the Dungeon.
             The game lasted 00:04:10 (4123 turns).

Newt the Cudgeller (Gargoyle Fighter)               Turns: 4123, Time: 00:04:11

Health: -6/53      AC: 23    Str: 23    XL:     8   Next: 49%
Magic:  8/8        EV:  9    Int: 18    God:
Gold:   217        SH:  5    Dex:  9    Spells: 7/7 levels left

rFire   . . .        t - +1 flail (protect)
rCold   . . .        c - +1 buckler
rNeg    + . .        b - +0 scale mail
rPois   ∞            u - +0 helmet of Objectivity {Int+4}
rElec   +            s - +0 cloak
rCorr   .            e - +0 pair of gloves
SInv    .            (no boots)
Will    .....        (no amulet) Stlth
                     l - +6 ring of intelligence
HPRegen 0.28/turn    (no ring)
MPRegen 0.11/turn

%: no passive effects
@: under a protective aura
A: sickness immunity, AC +5, negative energy resistance 1, electricity
resistance, torment resistance 1, petrification resistance
a: no special abilities


You were on level 5 of the Dungeon.
You visited 1 branch of the dungeon, and saw 5 of its levels.

You collected 217 gold pieces.

Inventory:

Hand Weapons
 a - a +1 flail
 g - a +0 whip of pain
 t - a +1 flail of protection (weapon)
Missiles
 r - 2 boomerangs
Armour
 b - a +0 scale mail (worn)
 c - a +1 buckler (worn)
 e - a +0 pair of gloves (worn)
 s - a +0 cloak (worn)
 u - the +0 helmet of Objectivity (worn) {Int+4}
   (You found it on level 5 of the Dungeon)

   Int+4:     It affects your intelligence (+4).
Jewellery
 l - a +6 ring of intelligence (left hand)
 n - an amulet of faith
Scrolls
 h - 2 scrolls of poison
 j - 2 scrolls of immolation
 q - a scroll of torment {unknown}
Potions
 d - 2 potions of might
 f - a potion of berserk rage
 i - 3 potions of heal wounds
 k - 3 potions of resistance
 m - a potion of attraction
 o - a potion of haste {unknown}
 p - a potion of curing {unknown}


   Skills:
 - Level 7.0 Fighting
 + Level 7.7 Maces & Flails
 - Level 5.0 Armour
 - Level 3.2 Shields


You had 7 spell levels left.
You didn't know any spells.
Your spell library contained the following spells:

 Spells                   Type           Power      Damage    Failure   Level
 Summon Small Mammal      Summ           0%         N/A       54%         1
 Call Canine Familiar     Summ           0%         N/A       88%         3
 Summon Guardian Golem    Hex/Summ       0%         N/A       88%         3


Dungeon Overview and Level Annotations

Branches:
Dungeon (5/15)
 Temple: D:4-7

Altars:
Ashenzari
Cheibriados
Dithmenos
Fedhas
Makhleb
Nemelex Xobeh
Yredelemnul


Innate Abilities, Weirdness & Mutations

You are immune to sickness and miasma.
Your stone body is resilient. (AC +5)
You are immune to poison.
You resist negative energy. (rN+)
You are resistant to electric shocks. (rElec)
You are resistant to unholy torment.
You are immune to petrification.


Message History

The gnoll hits you but does no damage. You block the gnoll's attack.
The gnoll sergeant closely misses you.
You barely miss the gnoll.
The gnoll is heavily wounded.
The gnoll hits you but does no damage.
The gnoll hits you from afar with a +0 halberd.
You block the gnoll sergeant's attack.
You closely miss the gnoll.
The gnoll is heavily wounded.
You block the gnoll's attack. The gnoll hits you but does no damage.
The gnoll sergeant hits you but does no damage.
You barely miss the gnoll.
The gnoll is heavily wounded.
The gnoll hits you but does no damage. x2
The gnoll sergeant hits you but does no damage.
You barely miss the gnoll.
The gnoll is heavily wounded.
The gnoll closely misses you. You block the gnoll sergeant's attack.
You bludgeon the gnoll!!
Your weapon exudes an aura of protection.
You kill the gnoll!
The gnoll barely misses you.
The gnoll sergeant hits you but does no damage.
The gnoll attacks as it pursues you! The gnoll hits you but does no damage.
The gnoll hits you but does no damage.
The gnoll sergeant completely misses you.
You sock the gnoll!
Your weapon exudes an aura of protection.
The gnoll is severely wounded.
The gnoll hits you with a +0 halberd. The gnoll sergeant barely misses you.
You sock the gnoll!
You kill the gnoll!
The gnoll sergeant hits you from afar with a +3 spear of venom!
* * * LOW HITPOINT WARNING * * *
You barely miss the gnoll. The gnoll barely misses you.
The gnoll sergeant hits you but does no damage.
You hit the gnoll.
The gnoll is moderately wounded.
The gnoll sergeant hits you from afar with a +3 spear of venom!
You die...

###..............##
#
##.[.......########
###...####...#
##..### ##..##
#[.## ##..## #..#
#<..# #..# ##..##
#..# ##..## #..#
##)@## ...# ##g.##
#.## ###g## ###
#..### ##...##
##...# ##..##
##..## #...#


You could see a gnoll sergeant and a gnoll.

Vanquished Creatures
  Edmund (D:4)
  An orc warrior (D:5)
  2 black bears (D:4)
  An ogre (D:4)
  A bullfrog (D:4)
  A scorpion (D:4)
  2 orc priests (D:5)
  2 hounds
  Crazy Yiuf (D:4)
  3 iguanas
  A sleepcap (D:5)
  Natasha (twice) (D:3)
  4 orc wizards
  12 gnolls
  3 adders (D:3)
  A worm (D:3)
  A dart slug (D:2)
  18 orcs
  6 bats
  10 endoplasms
  4 giant cockroaches
  12 goblins
  5 hobgoblins
  A quokka (D:2)
  4 ball pythons
  2 frilled lizards (D:1)
  7 kobolds
  5 rats
113 creatures vanquished.

Notes
Turn   | Place    | Note
-------+----------+-------------------------------------------
     0 | D:1      | Newt the Gargoyle Fighter began the quest for the Orb.
     0 | D:1      | Reached XP level 1. HP: 14/14 MP: 1/1
    75 | D:1      | Found a faded altar of an unknown god.
   346 | D:1      | Reached XP level 2. HP: 20/20 MP: 2/2
  1103 | D:2      | Found a sparkling altar of Nemelex Xobeh.
  1161 | D:2      | Reached XP level 3. HP: 23/24 MP: 3/3
  1299 | D:2      | Found a blossoming altar of Fedhas.
  1470 | D:2      | Reached skill level 5 in Fighting
  1631 | D:3      | Reached XP level 4. HP: 31/31 MP: 4/4
  1664 | D:3      | Found a broken altar of Ashenzari.
  1710 | D:3      | Noticed Natasha
  1717 | D:3      | Killed Natasha
  1773 | D:3      | Noticed Natasha
  1784 | D:3      | Killed Natasha
  1785 | D:3      | Reached XP level 5. HP: 35/35 MP: 5/5
  1797 | D:3      | Found a basalt altar of Yredelemnul.
  2034 | D:3      | Found a sparkling altar of Nemelex Xobeh.
  2219 | D:4      | Reached skill level 5 in Maces & Flails
  2219 | D:4      | Reached XP level 6. HP: 26/40 MP: 6/6
  2285 | D:4      | Noticed a black bear
  2306 | D:4      | Killed a black bear
  2319 | D:4      | Reached skill level 5 in Armour
  2379 | D:4      | Found a shadowy altar of Dithmenos.
  2783 | D:4      | Reached XP level 7. HP: 44/44 MP: 7/7
  2880 | D:4      | Found a runed translucent door.
  2881 | D:4      | Noticed Crazy Yiuf
  3151 | D:4      | Noticed Edmund
  3165 | D:4      | Killed Edmund
  3393 | D:4      | Found a snail-covered altar of Cheibriados.
  3401 | D:4      | Found a burning altar of Makhleb.
  3410 | D:4      | Reached XP level 8. HP: 51/53 MP: 8/8
  3516 | D:4      | Killed Crazy Yiuf
  3607 | D:5      | Entered Level 5 of the Dungeon
  3628 | D:5      | Identified the +0 helmet of Objectivity {Int+4}
  4123 | D:5      | Mangled by a gnoll sergeant

Illustrated notes

Levels and vault maps discovered:
D:1:      roderic_crop_circles_arrival_small, layout_loops_corners,
          shapermc_ecumenical_altar_ellora
D:2:      layout_basic, basic_altar, minmay_hexomino_r4
D:3:      layout_rooms, nicolae_ashenzari_panopticon, nemelex_altar_shiori,
          amcnicky_altar_gilded, uniq_natasha
D:4:      layout_rooms, nicolae_dithmenos_shadow_blocks,
          grunt_temple_overflow_open, uniq_crazy_yiuf_cottage, uniq_edmund
D:5:      layout_layer_cave, gammafunk_temple_overflow_pools, serial_shops, shop

Skill      XL: |  1  2  3  4  5  6  7  8 |
---------------+-------------------------+-----
Fighting       | 4 5 7 |  7.0
Maces & Flails | 3 5 6 7 |  7.7
Armour         | 5 |  5.0
Shields        | |  3.2

Action                     |  1- 3 |  4- 6 |  7- 9 || total
---------------------------+-------+-------+-------++-------
  Melee: Flail             |   109 |    96 |   169 ||   374
    Use: Scroll            |     7 |     4 |       ||    11
         Potion            |       |       |     1 ||     1
 Armour: Scale mail        |    69 |   116 |   200 ||   385
  Dodge: Dodged            |    43 |    65 |    91 ||   199
  Block: Buckler           |    16 |    29 |    44 ||    89

Table legend: (Time is in decaauts)
 A = Elapsed time spent in this place.
 B = Non-inter-level travel time spent in this place.
 C = Inter-level travel time spent in this place.
 D = Time resting spent in this place.
 E = Time spent auto-exploring this place.
 F = Levels seen in this place.
 G = Mean time per level.
                   A        B        C        D        E       F      G
               +--------+--------+--------+--------+--------+-----+--------+
         Total |   4198 |   4088 |    110 |    304 |   2916 |   5 |  839.6 |
       Dungeon |   4198 |   4088 |    110 |    304 |   2916 |   5 |  839.6 |
               +--------+--------+--------+--------+--------+-----+--------+

Top non-repeatable levels by time:
     D:4: 1142 daAuts
     D:1: 1107 daAuts
     D:3: 887 daAuts
     D:2: 539 daAuts
     D:5: 522 daAuts
